 Dungeon Crawl Stone Soup version 0.30-b1-2-g02819fbbbe (webtiles) character file.

Game seed: 6812551469079226049

9 Alarkh the Vexing (level 2, 21/21 HPs)
             Began as a Demonspawn Hexslinger on July 9, 2023.
             Got out of the dungeon alive.
             The game lasted 00:00:12 (124 turns).

Alarkh the Vexing (Demonspawn Hexslinger)            Turns: 124, Time: 00:00:13

Health: 21/21      AC:  2    Str: 10    XL:     2   Next: 6%
Magic:  3/3        EV: 12    Int: 16    God:
Gold:   0          SH:  0    Dex: 13    Spells: 2/3 levels left

rFire   . . .        a - +1 sling
rCold   . . .        (no shield)
rNeg    . . .        c - +0 robe
rPois   .            (no helmet)
rElec   .            (no cloak)
rCorr   .            (no gloves)
SInv    .            (no boots)
Will    .....        (no amulet)
Stlth   +            (no ring)
HPRegen 0.23/turn    (no ring)
MPRegen 0.08/turn

%: no passive effects
@: no status effects
A: big brain 1
a: no special abilities


You escaped.
You visited 1 branch of the dungeon, and saw 1 of its levels.

Inventory:

Hand Weapons
 a - a +1 sling (weapon)
Armour
 c - a +0 robe (worn)
Scrolls
 b - a scroll of poison
 d - a scroll of identify {unknown}
Potions
 e - a potion of heal wounds {unknown}


   Skills:
 + Level 1.4 Fighting
 * Level 2.3 Ranged Weapons
 - Level 1.7 Dodging
 - Level 1.0 Spellcasting
 - Level 3.0 Hexes


You had 2 spell levels left.
You knew the following spells:

 Your Spells              Type           Power      Damage    Failure   Level
a - Slow                  Hex            40%        N/A       7%          1

Your spell library contained the following spells:

 Spells                   Type           Power      Damage    Failure   Level
 Inner Flame              Hex/Fire       5%         N/A       36%         3
 Portal Projectile        Hex/Tloc       10%        N/A       36%         3
 Cause Fear               Hex            5%         N/A       54%         4


Dungeon Overview and Level Annotations

Branches:
Dungeon (1/15)

Altars:


Innate Abilities, Weirdness & Mutations

You have an unusually large brain. (Int +2)


Message History

Found a mace.
A giant cockroach comes into view.
A giant cockroach is nearby!
A giant cockroach is nearby!
You shoot a sling bullet.
The sling bullet hits the giant cockroach.
The giant cockroach is heavily wounded.
You shoot a sling bullet.
The sling bullet hits the giant cockroach but does no damage.
The giant cockroach is heavily wounded.
You shoot a sling bullet.
The sling bullet hits the giant cockroach!
You kill the giant cockroach!
No target in view!
A rat comes into view.
The rat moves out of view.
A ball python comes into view.
Found a stone staircase leading down.
There are monsters nearby!
You shoot a sling bullet.
The sling bullet closely misses the rat.
You shoot a sling bullet. The sling bullet hits the rat.
You kill the rat!
The ball python hisses angrily.
You shoot a sling bullet.
The sling bullet closely misses the ball python.
A goblin comes into view. It is wielding a +0 dagger.
You shoot a sling bullet. The sling bullet hits the ball python.
You kill the ball python!
You have reached level 2!
Your demonic ancestry asserts itself...
Your brain expands.
You shoot a sling bullet. The sling bullet hits the goblin!
You kill the goblin!
No target in view!
Unknown command.
You see here a dart slug corpse.
There is a staircase leading out of the dungeon here.
Are you sure you want to leave the Dungeon?
This will make you lose the game!
You have escaped!

##############.##
........#........
#........#.##..### ###
..#......#....##.####.##
.....#.....###'#.##...##
##......#.####.##'.....#
#..#####.###...###...##
#........##.....###'##
#.....##.....@....+.#
#.....#####.....###'##
#.....# ##...###...##
.....#...# ##.##'...(.#
...#.#...# #'#.##...##
## ..###.# ##.####.##
#.#.###.#### ### ###
...........#
...†#.###..(#


There were no monsters in sight!

Vanquished Creatures
  A dart slug (D:1)
  An endoplasm (D:1)
  A giant cockroach (D:1)
  A goblin (D:1)
  A hobgoblin (D:1)
  A ball python (D:1)
  A rat (D:1)
7 creatures vanquished.

Notes
Turn   | Place    | Note
-------+----------+-------------------------------------------
     0 | D:1      | Alarkh the Demonspawn Hexslinger began the quest for the
                  | Orb.
     0 | D:1      | Reached XP level 1. HP: 15/15 MP: 2/2
    98 | D:1      | Gained mutation: You have an unusually large brain. (Int
                  | +2) [demonic ancestry]
    98 | D:1      | Reached XP level 2. HP: 21/21 MP: 3/3
   124 | D:$      | Got out of the dungeon alive.

Illustrated notes

Levels and vault maps discovered:
D:1:      dpeg_arrival_rhombi, layout_basic

Skill      XL: |  1 |
---------------+----+-----
Ranged Weapons | 2 |  2.3
Fighting       | |  1.4
Dodging        | |  1.7
Spellcasting   | |  1.0
Hexes          | |  3.0

Action                     || total
---------------------------++-------
   Fire: Sling             ||    22
  Dodge: Dodged            ||     1
